AA
TUSCALOOSA YELLOWHAMMERS @ BUFFALO RED WINGS
06/27/2060
 
TOP OF THE 1ST
Tuscaloosa Yellowhammers batting - Pitching for Buffalo Red Wings : RHP Keegan Sanburn
Pitching: RHP Keegan Sanburn
Batting: LHB Johnathan Weeks 0-0: Foul Ball, location: 2F
0-1: Ball
1-1: Ball
2-1: Swinging Strike
2-2: Strikes out swinging
Batting: RHB Logan Ocadiz 0-0: Called Strike
0-1: Ball
1-1: Fly out, F8 (Flyball, 8RXD, EV 94.4 MPH)
Batting: LHB Zac Arellanes 0-0: Ball
1-0: Ground out 5-3 (Groundball, 5, EV 90.6 MPH)
Top of the 1st over - 0 runs, 0 hits, 0 errors, 0 left on base; Tuscaloosa 0 - Buffalo 0
BOTTOM OF THE 1ST
Buffalo Red Wings batting - Pitching for Tuscaloosa Yellowhammers : LHP Trace Keller
Pitching: LHP Trace Keller
Batting: RHB Brinson Sarmiento 0-0: Called Strike
0-1: Foul Ball, location: 2F
0-2: Ball
1-2: Foul Ball, location: 2F
1-2: Fly out, F9 (Flyball, 9, EV 92.5 MPH)
Batting: RHB Israel Coates 0-0: Called Strike
0-1: Swinging Strike
0-2: Ball
1-2: Ball
2-2: Foul Ball, location: 2F
2-2: Strikes out looking
Batting: RHB Chandler Penrod 0-0: Ball
1-0: Ball
2-0: Called Strike
2-1: Ball
3-1: Foul Ball, location: 2F
3-2: Foul Ball, location: 2F
3-2: Ground out U3 (Groundball, 34, EV 87.5 MPH)
Bottom of the 1st over - 0 runs, 0 hits, 0 errors, 0 left on base; Tuscaloosa 0 - Buffalo 0
TOP OF THE 2ND
Tuscaloosa Yellowhammers batting - Pitching for Buffalo Red Wings : RHP Keegan Sanburn
Batting: RHB B.J. Duthie 0-0: Foul Ball, location: 2F
0-1: Ball
1-1: Foul Ball, location: 2F
1-2: Ball
2-2: Ground out 5-3 (Groundball, 5S, EV 65.6 MPH)
Batting: LHB B.J. Solis 0-0: Called Strike
0-1: Foul Ball, location: 2F
0-2: Ball
1-2: Ground out 4-3 (Groundball, 4, EV 85.6 MPH)
Batting: LHB Owen Kropp 0-0: Called Strike
0-1: Foul Ball, location: 2F
0-2: Foul Ball, location: 2F
0-2: Ground out 6-3 (Groundball, 4M, EV 81.9 MPH)
Top of the 2nd over - 0 runs, 0 hits, 0 errors, 0 left on base; Tuscaloosa 0 - Buffalo 0
BOTTOM OF THE 2ND
Buffalo Red Wings batting - Pitching for Tuscaloosa Yellowhammers : LHP Trace Keller
Batting: RHB Logan Combs 0-0: Called Strike
0-1: Ball
1-1: SINGLE (Groundball, 6MD, EV 111.9 MPH)
Batting: RHB Jasper Humphries 0-0: Ball
1-0: Fly out, F8 (Flyball, 8RM, EV 85.0 MPH)
Batting: SHB Brannon Acevedo 0-0: Ball
1-0: Ball
2-0: Swinging Strike
2-1: Swinging Strike
2-2: Ball
3-2: Strikes out swinging
Batting: LHB Joel Van Dusen 0-0: Ball
1-0: Ground out 1-3 (Groundball, 15S, EV 70.6 MPH)
Bottom of the 2nd over - 0 runs, 1 hit, 0 errors, 1 left on base; Tuscaloosa 0 - Buffalo 0
TOP OF THE 3RD
Tuscaloosa Yellowhammers batting - Pitching for Buffalo Red Wings : RHP Keegan Sanburn
Batting: LHB Max Klausner 0-0: Ball
1-0: Called Strike
1-1: Ball
2-1: Fly out, F6 (Line Drive, 6M, EV 62.5 MPH)
Batting: RHB Elias Stirewalt 0-0: Ball
1-0: Ball
2-0: Foul Ball, location: 2F
2-1: Foul Ball, location: 2F
2-2: Ball
3-2: Fly out, F7 (Flyball, 78S, EV 92.5 MPH)
Batting: RHB Payton Snyder 0-0: SINGLE (Groundball, 6MD, EV 103.1 MPH)
Batting: LHB Johnathan Weeks 0-0: Ball
1-0: Ball
2-0: Ball
3-0: Base on Balls
Payton Snyder to second
Batting: RHB Logan Ocadiz 0-0: Ball
1-0: Swinging Strike
1-1: Ball
2-1: Called Strike
2-2: Ball
3-2: Ground out 6-3 (Groundball, 6, EV 86.9 MPH)
Top of the 3rd over - 0 runs, 1 hit, 0 errors, 2 left on base; Tuscaloosa 0 - Buffalo 0
BOTTOM OF THE 3RD
Buffalo Red Wings batting - Pitching for Tuscaloosa Yellowhammers : LHP Trace Keller
Batting: RHB Townes Zhan 0-0: Fly out, F9 (Flyball, 89M, EV 81.2 MPH)
Batting: RHB Rhys Oqvist 0-0: Ball
1-0: Called Strike
1-1: Ball
2-1: Called Strike
2-2: Strikes out swinging
Batting: RHB Brinson Sarmiento 0-0: Ball
1-0: Swinging Strike
1-1: Ball
2-1: Called Strike
2-2: Foul Ball, location: 2F
2-2: Ball
3-2: Ground out 5-3 (Groundball, 5S, EV 78.8 MPH)
Bottom of the 3rd over - 0 runs, 0 hits, 0 errors, 0 left on base; Tuscaloosa 0 - Buffalo 0
TOP OF THE 4TH
Tuscaloosa Yellowhammers batting - Pitching for Buffalo Red Wings : RHP Keegan Sanburn
Batting: LHB Zac Arellanes 0-0: Ball
1-0: Called Strike
1-1: Ball
2-1: Foul Ball, location: 2F
2-2: Strikes out swinging
Batting: RHB B.J. Duthie 0-0: Swinging Strike
0-1: Called Strike
0-2: Foul Ball, location: 2F
0-2: Strikes out swinging
Batting: LHB B.J. Solis 0-0: Called Strike
0-1: Swinging Strike
0-2: Strikes out looking
Top of the 4th over - 0 runs, 0 hits, 0 errors, 0 left on base; Tuscaloosa 0 - Buffalo 0
BOTTOM OF THE 4TH
Buffalo Red Wings batting - Pitching for Tuscaloosa Yellowhammers : LHP Trace Keller
Batting: RHB Israel Coates 0-0: Swinging Strike
0-1: Ball
1-1: Ball
2-1: Foul Ball, location: 2F
2-2: Ball
3-2: Foul Ball, location: 2F
3-2: Foul Ball, location: 2F
3-2: Strikes out swinging
Batting: RHB Chandler Penrod 0-0: Ball
1-0: Called Strike
1-1: Foul Ball, location: 2F
1-2: Ball
2-2: Strikes out swinging
Batting: RHB Logan Combs 0-0: Foul Ball, location: 2F
0-1: Ball
1-1: Foul Ball, location: 2F
1-2: Ball
2-2: Strikes out swinging
Bottom of the 4th over - 0 runs, 0 hits, 0 errors, 0 left on base; Tuscaloosa 0 - Buffalo 0
TOP OF THE 5TH
Tuscaloosa Yellowhammers batting - Pitching for Buffalo Red Wings : RHP Keegan Sanburn
Batting: LHB Owen Kropp 0-0: Foul Ball, location: 2F
0-1: Ground out 4-3 (Groundball, 34D, EV 110.0 MPH)
Batting: LHB Max Klausner 0-0: Ground out 6-3 (Groundball, 6D, EV 80.6 MPH)
Batting: RHB Elias Stirewalt 0-0: Foul Ball, location: 2F
0-1: Ball
1-1: Ball
2-1: Fly out, F7 (Flyball, 7S, EV 73.1 MPH)
Top of the 5th over - 0 runs, 0 hits, 0 errors, 0 left on base; Tuscaloosa 0 - Buffalo 0
BOTTOM OF THE 5TH
Buffalo Red Wings batting - Pitching for Tuscaloosa Yellowhammers : LHP Trace Keller
Batting: RHB Jasper Humphries 0-0: Ball
1-0: Ground out 6-3 (Groundball, 6, EV 85.6 MPH)
Batting: SHB Brannon Acevedo 0-0: Ball
1-0: Ball
2-0: SINGLE (Line Drive, 89M, EV 105.6 MPH)
Batting: LHB Joel Van Dusen 0-0: Ball
1-0: Foul Ball, location: 2F
1-1: SINGLE (Line Drive, 56D, EV 105.0 MPH)
Brannon Acevedo to second
Batting: RHB Townes Zhan 0-0: Ball
1-0: Ball
2-0: Called Strike
2-1: Grounds into double play, 6-4-3 (Groundball, 6, EV 108.8 MPH)
Bottom of the 5th over - 0 runs, 2 hits, 0 errors, 1 left on base; Tuscaloosa 0 - Buffalo 0
TOP OF THE 6TH
Tuscaloosa Yellowhammers batting - Pitching for Buffalo Red Wings : RHP Keegan Sanburn
Batting: RHB Payton Snyder 0-0: Ball
1-0: Ball
2-0: Foul Ball, location: 2F
2-1: Ball
3-1: Base on Balls
Batting: LHB Johnathan Weeks 0-0: Bunted foul
0-1: Sac Bunt to 23 - play at first, batter OUT! 3-4
Payton Snyder to second
Batting: RHB Logan Ocadiz 0-0: Ball
1-0: Ball
2-0: SINGLE (Groundball, 3S, EV 62.5 MPH) (infield hit)
Payton Snyder to third
Batting: LHB Zac Arellanes 0-0: Called Strike
0-1: Ball
1-1: Foul Ball, location: 2F
1-2: Foul Ball, location: 2F
1-2: Ball
2-2: Foul Ball, location: 2F
2-2: DOUBLE (Groundball, 5L, EV 95.6 MPH)
Payton Snyder scores
Logan Ocadiz to third
Batting: RHB B.J. Duthie 0-0: Called Strike
0-1: Ball
1-1: Fly out, F9 (Line Drive, 9, EV 95.0 MPH)
Batting: LHB B.J. Solis 0-0: Fly out, F9 (Flyball, 9LS, EV 89.4 MPH)
Top of the 6th over - 1 run, 2 hits, 0 errors, 2 left on base; Tuscaloosa 1 - Buffalo 0
BOTTOM OF THE 6TH
Buffalo Red Wings batting - Pitching for Tuscaloosa Yellowhammers : LHP Trace Keller
Batting: RHB Rhys Oqvist 0-0: Ball
1-0: Ball
2-0: Ball
3-0: Called Strike
3-1: Foul Ball, location: 2F
3-2: Fly out, F7 (Flyball, 78M, EV 80.6 MPH)
Batting: RHB Brinson Sarmiento 0-0: Called Strike
0-1: Fly out, F8 (Flyball, 8LD, EV 91.2 MPH)
Batting: RHB Israel Coates 0-0: Fly out, F7 (Line Drive, 7, EV 90.6 MPH)
Bottom of the 6th over - 0 runs, 0 hits, 0 errors, 0 left on base; Tuscaloosa 1 - Buffalo 0
TOP OF THE 7TH
Tuscaloosa Yellowhammers batting - Pitching for Buffalo Red Wings : RHP Keegan Sanburn
Batting: LHB Owen Kropp 0-0: Called Strike
0-1: Foul Ball, location: 2F
0-2: DOUBLE (Line Drive, 89D, EV 105.6 MPH)
Batting: LHB Max Klausner 0-0: Intentional Walk
Batting: RHB Elias Stirewalt 0-0: Called Strike
0-1: Foul Ball, location: 2F
0-2: Foul Ball, location: 2F
0-2: Foul Ball, location: 2F
0-2: Ball
1-2: Fielders Choice at 2nd, 3-6 (Groundball, 34S, EV 80.6 MPH)
Owen Kropp to third
Batting: RHB Payton Snyder 0-0: Called Strike
0-1: Ball
1-1: Ball
2-1: Ball
3-1: Foul Ball, location: 2F
3-2: SINGLE (Groundball, 6MD, EV 101.9 MPH)
Owen Kropp scores
Elias Stirewalt to second
Batting: LHB Johnathan Weeks 0-0: Ball
1-0: Swinging Strike
1-1: Swinging Strike
1-2: 3-RUN HOME RUN (Flyball, 9D, EV 95.0 MPH), Distance : 372 ft
Pitching: RHP Travis Cole
Batting: RHB Logan Ocadiz 0-0: Swinging Strike
0-1: Ground out 4-3 (Groundball, 4, EV 101.9 MPH)
Batting: LHB Zac Arellanes 0-0: Ball
1-0: Ground out 1-3 (Groundball, 13S, EV 69.4 MPH)
Top of the 7th over - 4 runs, 3 hits, 0 errors, 0 left on base; Tuscaloosa 5 - Buffalo 0
BOTTOM OF THE 7TH
Buffalo Red Wings batting - Pitching for Tuscaloosa Yellowhammers : LHP Trace Keller
Batting: RHB Chandler Penrod 0-0: Ball
1-0: Ball
2-0: Ball
3-0: Called Strike
3-1: Fly out, F9 (Flyball, 9LSF, EV 91.9 MPH)
Batting: RHB Logan Combs 0-0: Ball
1-0: Ball
2-0: Ball
3-0: Base on Balls
Batting: RHB Jasper Humphries 0-0: SINGLE (Line Drive, 8LS, EV 105.0 MPH)
Logan Combs to second
Runner from 2nd tries for 3rd, SAFE, no throw by CF
Batting: SHB Brannon Acevedo 0-0: Ball
1-0: Ball
2-0: Foul Ball, location: 2F
2-1: Swinging Strike
2-2: SINGLE (Flyball, 8RS, EV 93.1 MPH)
Logan Combs scores
Jasper Humphries to second
Batting: LHB Joel Van Dusen 0-0: Called Strike
0-1: Ball
1-1: Foul Ball, location: 2F
1-2: Foul Ball, location: 2F
1-2: Fly out, F7 (Flyball, 78D, EV 92.5 MPH)
Pitching: RHP Jabari Brooke
Batting: RHB Townes Zhan 0-0: Ground out 5-3 (Groundball, 25, EV 75.6 MPH)
Bottom of the 7th over - 1 run, 2 hits, 0 errors, 2 left on base; Tuscaloosa 5 - Buffalo 1
TOP OF THE 8TH
Tuscaloosa Yellowhammers batting - Pitching for Buffalo Red Wings : RHP Travis Cole
Batting: RHB B.J. Duthie 0-0: Swinging Strike
0-1: Swinging Strike
0-2: Foul Ball, location: 2F
0-2: Ball
1-2: Foul Ball, location: 2F
1-2: Strikes out swinging
Batting: LHB B.J. Solis 0-0: Called Strike
0-1: Ball
1-1: Fly out, F4 (Flyball, 34D, EV 86.9 MPH)
Batting: LHB Owen Kropp 0-0: Foul Ball, location: 2F
0-1: Ball
1-1: Fly out, F8 (Flyball, 8RS, EV 93.8 MPH)
Top of the 8th over - 0 runs, 0 hits, 0 errors, 0 left on base; Tuscaloosa 5 - Buffalo 1
BOTTOM OF THE 8TH
Buffalo Red Wings batting - Pitching for Tuscaloosa Yellowhammers : RHP Jabari Brooke
Batting: RHB Rhys Oqvist 0-0: Swinging Strike
0-1: Ball
1-1: Foul Ball, location: 2F
1-2: Strikes out swinging
Batting: RHB Brinson Sarmiento 0-0: Ground out 4-3 (Groundball, 34D, EV 94.4 MPH)
Batting: RHB Israel Coates 0-0: Ball
1-0: Fly out, F8 (Line Drive, 8RD, EV 88.8 MPH)
Bottom of the 8th over - 0 runs, 0 hits, 0 errors, 0 left on base; Tuscaloosa 5 - Buffalo 1
TOP OF THE 9TH
Tuscaloosa Yellowhammers batting - Pitching for Buffalo Red Wings : RHP Travis Cole
Pitching: RHP Ricky Dougherty
Batting: LHB Max Klausner 0-0: Ball
1-0: Ball
2-0: Ball
3-0: Base on Balls
Batting: RHB Elias Stirewalt 0-0: Ball
1-0: Ball
2-0: SINGLE (Groundball, 6MD, EV 101.2 MPH)
Max Klausner to second
Batting: RHB Payton Snyder 0-0: SINGLE (Groundball, 6MD, EV 83.1 MPH) (infield hit)
Max Klausner to third
Elias Stirewalt to second
Batting: LHB Johnathan Weeks 0-0: Called Strike
0-1: Foul Ball, location: 2F
0-2: Strikes out looking
Batting: RHB Logan Ocadiz 0-0: Swinging Strike
0-1: Foul Ball, location: 2F
0-2: Ball
1-2: Ball
2-2: Foul Ball, location: 2F
2-2: Ball
3-2: SINGLE (Groundball, 3S, EV 68.8 MPH) (infield hit)
Max Klausner scores
Elias Stirewalt to third
Payton Snyder to second
Batting: LHB Zac Arellanes 0-0: Ball
1-0: Ground out 3-1 (Groundball, 13, EV 81.2 MPH)
Elias Stirewalt scores
Payton Snyder to third
Logan Ocadiz to second
Batting: RHB B.J. Duthie 0-0: Ground out 6-3 (Groundball, 6, EV 86.2 MPH)
Top of the 9th over - 2 runs, 3 hits, 0 errors, 2 left on base; Tuscaloosa 7 - Buffalo 1
BOTTOM OF THE 9TH
Buffalo Red Wings batting - Pitching for Tuscaloosa Yellowhammers : RHP Jabari Brooke
Batting: RHB Chandler Penrod 0-0: Ball
1-0: Foul Ball, location: 2F
1-1: Foul Ball, location: 2F
1-2: Strikes out looking
Batting: RHB Logan Combs 0-0: Ball
1-0: Foul Ball, location: 2F
1-1: Foul Ball, location: 2F
1-2: Ball
2-2: Fly out, F8 (Flyball, 8RD, EV 86.9 MPH)
Batting: RHB Jasper Humphries 0-0: Ball
1-0: Called Strike
1-1: Foul Ball, location: 2F
1-2: Ball
2-2: Strikes out swinging
Bottom of the 9th over - 0 runs, 0 hits, 0 errors, 0 left on base; Tuscaloosa 7 - Buffalo 1
Saturday, May 11th , 2024 - OOTP Baseball 23.10 Build 110